 Dungeon Crawl Stone Soup version 0.30-b1-2-g02819fbbbe (webtiles) character file.

Game seed: 16638683334762446725

78 asdfasdf the Chopper (level 4, -3/40 HPs)
             Began as a Hill Orc Fighter on May 2, 2023.
             Slain by NimIero's ghost (10 damage)
             ... on level 3 of the Dungeon.
             The game lasted 00:05:23 (2347 turns).

asdfasdf the Chopper (Hill Orc Fighter)             Turns: 2347, Time: 00:05:23

Health: -3/40      AC: 11    Str: 20    XL:     4   Next: 36%
Magic:  4/4        EV:  8    Int:  8    God:
Gold:   150        SH:  8    Dex: 10    Spells: 3/3 levels left

rFire   . . .        a - +0 war axe
rCold   . . .        k - +0 kite shield
rNeg    . . .        b - +0 scale mail
rPois   .            h - +1 helmet
rElec   .            c - +0 cloak
rCorr   .            (no gloves)
SInv    .            o - +0 pair of boots
Will    .....        (no amulet) Stlth
                     (no ring)
HPRegen 0.26/turn    (no ring)
MPRegen 0.09/turn

%: no passive effects
@: mighty
A: no striking features
a: no special abilities


You were on level 3 of the Dungeon.
You visited 1 branch of the dungeon, and saw 3 of its levels.

You collected 150 gold pieces.

Inventory:

Hand Weapons
 a - a +0 war axe (weapon)
Missiles
 r - a throwing net (quivered)
Armour
 b - a +0 scale mail (worn)
 c - a +0 cloak (worn)
 h - a +1 helmet (worn)
 k - a +0 kite shield (worn)
 o - a +0 pair of boots (worn)
Jewellery
 g - an amulet of faith
 u - a +6 ring of intelligence
Wands
 p - a wand of acid (4)
Scrolls
 m - 3 scrolls of blinking {unknown}
 n - 2 scrolls of vulnerability {unknown}
 s - a scroll of identify
 t - a scroll of immolation
Potions
 e - 3 potions of magic {unknown}
 f - a potion of degeneration {unknown}
 i - a potion of attraction {unknown}
 j - a potion of brilliance
 l - a potion of flight {unknown}
 q - 2 potions of curing {unknown}


   Skills:
 + Level 4.1 Fighting
 + Level 4.2 Axes
 + Level 3.6 Armour
 + Level 0.3 Dodging
 + Level 4.0 Shields


You had 3 spell levels left.
You didn't know any spells.
Your spell library was empty.

Dungeon Overview and Level Annotations

Branches:
Dungeon (3/15)

Altars:

Shops:
D:1 [

Annotations:
D:3 NimIero's ghost, amateur TeAE


Message History

You hit NimIero's ghost but do no damage.
NimIero's ghost is lightly damaged.
NimIero's ghost hits you but does no damage.
You barely miss NimIero's ghost.
NimIero's ghost is lightly damaged.
NimIero's ghost hits you. x2
You hit NimIero's ghost.
NimIero's ghost is lightly damaged.
NimIero's ghost hits you!
You closely miss NimIero's ghost.
NimIero's ghost is lightly damaged.
NimIero's ghost mumbles some strange words.
You are struck by an arc of lightning.
* * * LOW HITPOINT WARNING * * *
NimIero's ghost is struck by an arc of lightning.
The scorpion is struck by an arc of lightning.
The lightning grounds out.
The scorpion is struck by an arc of lightning!
The scorpion dies!
NimIero's ghost is struck by an arc of lightning.
The lightning grounds out.
You feel very mighty all of a sudden.
NimIero's ghost hits you but does no damage.
You barely miss NimIero's ghost.
NimIero's ghost is moderately damaged.
NimIero's ghost gestures wildly while chanting.
You are struck by an arc of lightning.
* * * LOW HITPOINT WARNING * * *
NimIero's ghost is struck by an arc of lightning.
The lightning grounds out.
NimIero's ghost hits you.
* * * LOW HITPOINT WARNING * * *
You slice NimIero's ghost!!
NimIero's ghost is almost destroyed.
NimIero's ghost gestures at you while chanting.
The zap hits you but does no damage.
You barely miss NimIero's ghost.
NimIero's ghost is almost destroyed.
NimIero's ghost hits you but does no damage.
NimIero's ghost hits you!
You die...

... ..### ### #...#§§§#
.... #...#§§§#.....
#...##W##.....
#.).#§@§§.....
#...#§§§§.....
#.............
###########.............
........................
..............#.........
.........)....#.........
..............###+######
.........)....#


You could see NimIero's ghost.

Vanquished Creatures
  4 adders (D:2)
  An ufetubus (D:3)
  7 bats
  5 endoplasms
  2 giant cockroaches
  4 hobgoblins
  A quokka (D:1)
  3 ball pythons
  A frilled lizard (D:1)
  5 goblins
  3 rats
36 creatures vanquished.

Vanquished Creatures (others)
  A scorpion (D:3)
1 creature vanquished.

Grand Total: 37 creatures vanquished

Notes
Turn   | Place    | Note
-------+----------+-------------------------------------------
     0 | D:1      | asdfasdf the Hill Orc Fighter began the quest for the Orb.
     0 | D:1      | Reached XP level 1. HP: 19/19 MP: 1/1
   118 | D:1      | Found Vuraump's Antique Armour Emporium.
   127 | D:1      | Reached XP level 2. HP: 27/27 MP: 2/2
  1078 | D:2      | Reached XP level 3. HP: 16/33 MP: 3/3
  1529 | D:2      | Reached XP level 4. HP: 35/40 MP: 4/4
  2043 | D:2      | Identified the +2 pair of gloves "Catomipn" {rN+++ Str-2
                  | Dex+4}
  2327 | D:3      | Found a runed translucent door.
  2327 | D:3      | Noticed a scorpion
  2329 | D:3      | Noticed NimIero's ghost (amateur TeAE)
  2329 | D:3      | Found the +2 hat of the Bear Spirit {Spirit, Bear, *Rage
                  | Will++}
  2343 | D:3      | Killed a scorpion
  2347 | D:3      | Slain by NimIero's ghost

Illustrated notes

Levels and vault maps discovered:
D:1:      dpeg_arrival_chambers_temple_mockup, layout_basic, serial_shops, shop,
          dk_noncrumbling_2
D:2:      layout_basic
D:3:      layout_basic, mainiacjoe_overflow_concentric_impassable,
          ebering_ghost_inner_flame, shapermc_ecumenical_altar_mp_ritualfount

Skill      XL: |  1  2  3  4 |
---------------+-------------+-----
Fighting       | 4 |  4.1
Axes           | 3 4 |  4.2
Shields        | 4 |  4.0
Armour         | |  3.6
Dodging        | |  0.3

Action                     |  1- 3 |  4- 6 || total
---------------------------+-------+-------++-------
  Melee: War axe           |   111 |    29 ||   140
    Use: Scroll            |     2 |       ||     2
         Potion            |       |     1 ||     1
 Armour: Scale mail        |    74 |    20 ||    94
  Dodge: Dodged            |    54 |     8 ||    62
  Block: Buckler           |    13 |       ||    13
         Kite shield       |    34 |    17 ||    51
